 Dungeon Crawl Stone Soup version 0.31-a0-358-gac0dbeb3ab (webtiles) character file.

Game seed: 14876166696151131947

351 randomguy2701 the Chopper (level 6, -1/53 HPs)
             Began as a Minotaur Fighter on July 26, 2023.
             Was a Follower of Trog.
             Slain by an orc priest
             ... wielding a +0 trident
              (4 damage)
             ... on level 4 of the Dungeon.
             The game lasted 00:03:52 (2154 turns).

randomguy2701 the Chopper (Minotaur Fighter)        Turns: 2154, Time: 00:03:53

Health: -1/53      AC:  8    Str: 22    XL:     6   Next: 34%
Magic:  5/5        EV: 10    Int:  5    God:    Trog [*.....]
Gold:   114        SH:  4    Dex: 10    Spells: 5/5 levels left

rFire   . . .        a - +0 war axe
rCold   . . .        c - +0 buckler
rNeg    . . .        b - +0 scale mail
rPois   .            (helmet restricted)
rElec   .            (no cloak)
rCorr   .            m - +0 pair of gloves
SInv    .            (no boots)
Will    .....        (no amulet) Stlth
                     (no ring)
HPRegen 0.28/turn    (no ring)
MPRegen 0.09/turn

%: no passive effects
@: on berserk cooldown, slowed, very slow
A: horns 2, retaliatory headbutt
a: Renounce Religion, Berserk


You were on level 4 of the Dungeon.
You worshipped Trog.
Trog was aware of your devotion.
You visited 1 branch of the dungeon, and saw 4 of its levels.

You collected 114 gold pieces.

Inventory:

Hand Weapons
 a - a +0 war axe (weapon)
Armour
 b - a +0 scale mail (worn)
 c - a +0 buckler (worn)
 m - a +0 pair of gloves (worn)
Jewellery
 e - a ring of magical power
 p - a ring of flight
Wands
 u - a wand of mindburst (19)
Scrolls
 g - 2 scrolls of revelation {unknown}
 h - 2 scrolls of amnesia {unknown}
 i - a scroll of fear {unknown}
 o - 3 scrolls of identify {unknown}
 q - a scroll of enchant weapon {unknown}
 r - a scroll of blinking {unknown}
 s - a scroll of poison {unknown}
Potions
 d - a potion of might
 f - a potion of berserk rage {unknown}
 j - a potion of invisibility {unknown}
 k - a potion of magic {unknown}
 l - a potion of haste {unknown}
 n - 2 potions of curing {unknown}
 t - a potion of cancellation {unknown}


   Skills:
 + Level 4.7 Fighting
 + Level 5.7 Axes
 + Level 5.1 Armour
 + Level 1.5 Dodging
 + Level 4.4 Shields


You had 5 spell levels left.
You didn't know any spells.
Your spell library was empty.

Dungeon Overview and Level Annotations

Branches:
Dungeon (4/15)
 Temple: D:4-7

Altars:
Kikubaaqudgha
Qazlal
Ru
Trog

Portals:
Sewer: D:3


Innate Abilities, Weirdness & Mutations

You have a pair of horns on your head.
You reflexively headbutt those who attack you in melee.


Message History

You cannot move.
You cannot move.
You cannot move.
You cannot move.
You cannot move.
You cannot move.
You cannot move.
You cannot move.
You cannot move.
You cannot move.
You cannot move.
You cannot move.
You cannot move.
You cannot move.
You cannot move.
You cannot move.
The orc priest hits you but does no damage.
You feel a strong urge to attack something.
The orc priest looks satisfied for a moment.
You are no longer berserk.
You are exhausted.
You feel yourself slow down.
The orc priest hits you but does no damage. x2
The orc priest hits you but does no damage.
You feel less wooden.
Your +0 pair of gloves unmelds from your body.
Your +0 scale mail unmelds from your body.
You block the orc priest's attack. The orc priest barely misses you.
The orc priest hits you from afar with a +0 trident.
The orc priest calls down the wrath of Beogh upon you.
Pain shoots through your body!
The orc priest calls down the wrath of Beogh upon you.
Pain shoots through your body!
* * * LOW HITPOINT WARNING * * *
Items here: ) / [ †.
Found a stone staircase leading down.
The orc priest hits you but does no damage.
You closely miss the orc priest. The orc priest closely misses you.
The orc priest hits you with a +0 trident.
You die...

#..................#..
##..^...............#.
##..................#
#.......###.....###.
#.......# ##.......#
#.).....# #.#.....#.
#.....).#.#..#...#..
#...)))...#...#.#...
#..@o.....#.###.....
#.........#...#.#...
#........##..#...#..
##.......##.#.....#.
#.......###.......#
#>.......#.....###.
.........##.......#
......>.##.#.....#.
#..#...#..


You could see an orc priest.

Vanquished Creatures
  An ogre (D:3)
  A hound (D:4)
  A sleepcap (D:4)
  Jessica (D:2)
  Ijyb (D:4)
  Terence (D:2)
  An orc wizard (D:4)
  3 gnolls (D:4)
  2 adders
  A worm (D:2)
  2 dart slugs
  3 orcs
  6 bats
  4 endoplasms
  2 giant cockroaches
  6 goblins
  3 hobgoblins
  A quokka (D:3)
  8 ball pythons
  A frilled lizard (D:3)
  8 kobolds
  5 rats
62 creatures vanquished.

Notes
Turn   | Place    | Note
-------+----------+-------------------------------------------
     0 | D:1      | randomguy2701 the Minotaur Fighter began the quest for the
                  | Orb.
     0 | D:1      | Reached XP level 1. HP: 19/19 MP: 0/0
    90 | D:1      | Reached XP level 2. HP: 27/27 MP: 1/1
   432 | D:1      | Reached XP level 3. HP: 33/33 MP: 2/2
   947 | D:2      | Noticed Terence
   958 | D:2      | Killed Terence
  1022 | D:2      | Noticed Jessica
  1026 | D:2      | Killed Jessica
  1027 | D:2      | Reached XP level 4. HP: 40/40 MP: 3/3
  1058 | D:2      | Found a faded altar of an unknown god.
  1216 | D:2      | Prayed at the altar of an unknown god.
  1216 | D:2      | Became a worshipper of Trog the Wrathful
  1216 | D:2      | Reached * piety under Trog
  1234 | D:3      | Found a glowing drain.
  1314 | D:3      | Identified the +5 mace "Luuj" {freeze, rF+ rCorr}
  1321 | D:3      | Found an ancient bone altar of Kikubaaqudgha.
  1452 | D:3      | Found a sacrificial altar of Ru.
  1533 | D:3      | Found a stormy altar of Qazlal.
  1606 | D:3      | Noticed an ogre
  1614 | D:3      | Killed an ogre
  1615 | D:3      | Reached skill level 1 in Dodging
  1615 | D:3      | Reached XP level 5. HP: 47/47 MP: 4/4
  1878 | D:4      | Reached skill level 5 in Axes
  1880 | D:4      | Reached skill level 5 in Armour
  2016 | D:4      | Reached XP level 6. HP: 53/53 MP: 5/5
  2125 | D:4      | Noticed Ijyb
  2144 | D:4      | Killed Ijyb
  2154 | D:4      | Slain by an orc priest

Illustrated notes

Levels and vault maps discovered:
D:1:      lightli_arrival_statue_moat, layout_rooms
D:2:      layout_loops_ring, hellmonk_ecumenical_altar_heavens_door,
          uniq_terence, uniq_jessica
D:3:      layout_loops_ring, mainiacjoe_overflow_surrounded_room,
          kiku_gazebo_garden_becter, grunt_qazlal_sundering,
          cheibrodos_sewer_entry_sluice
D:4:      layout_rooms, corexii_leaking_fountain,
          hangedman_decor_diamond_cutter, uniq_ijyb

Skill      XL: |  1  2  3  4  5 |
---------------+----------------+-----
Armour         | 4 5 |  5.1
Fighting       | 4 |  4.7
Shields        | 4 |  4.4
Axes           | 3 4 5 |  5.7
Dodging        | 1 |  1.5

Action                     |  1- 3 |  4- 6 || total
---------------------------+-------+-------++-------
  Melee: War axe           |    61 |    82 ||   143
         Headbutt          |     7 |     6 ||    13
 Invoke: Berserk           |       |     3 ||     3
 Armour: Scale mail        |    33 |    38 ||    71
         Skin              |       |    16 ||    16
  Dodge: Dodged            |    23 |    49 ||    72
  Block: Buckler           |    15 |    31 ||    46

Table legend: (Time is in decaauts)
 A = Elapsed time spent in this place.
 B = Non-inter-level travel time spent in this place.
 C = Inter-level travel time spent in this place.
 D = Time resting spent in this place.
 E = Time spent auto-exploring this place.
 F = Levels seen in this place.
 G = Mean time per level.
                   A        B        C        D        E       F      G
               +--------+--------+--------+--------+--------+-----+--------+
         Total |   2216 |   2137 |     79 |     82 |   1651 |   4 |  554.0 |
       Dungeon |   2216 |   2137 |     79 |     82 |   1651 |   4 |  554.0 |
               +--------+--------+--------+--------+--------+-----+--------+

Top non-repeatable levels by time:
     D:2: 693 daAuts
     D:3: 688 daAuts
     D:1: 561 daAuts
     D:4: 273 daAuts
